Get step-by-step instructions on how to execute this build order below. Start the game timer, and the build order will tick by so you can play in parallel with StarCraft on a second screen or mobile device.

Game Time

  0:00

Last Step

  N/A

Next Step

Upcoming Step



Don't want to look back and forth between 2 screens? Try out our Overwolf App, the Spawning Tool Build Advisor to get an in-game overlay with this build!

Complete Build Order

  12  0:02  SCV  
  13  0:15  SCV  
  14  0:26  Supply Depot  
  14  0:32  SCV  
  15  0:49  Barracks  
  15  0:57  Refinery  
  15  1:05  SCV, Supply Depot  
  16  1:35  Command Center  
  16  1:47  Reaper  
  18  1:56  Orbital Command  
  17  2:24  SCV  
  17  2:27  Barracks Reactor  
  18  2:41  Barracks  
  18  2:45  Refinery  
  18  3:28  Orbital Command  
  18  3:31  SCV  
  19  3:37  Marine x2  
  19  3:40  Barracks Tech Lab  
  21  3:45  Supply Depot  
  21  3:51  Engineering Bay  
  21  3:56  Marine x2  
  21  3:59  Combat Shields  
  23  4:07  Factory  
  23  4:13  Marauder  
  25  4:18  Supply Depot  
  25  4:22  SCV x2  
  27  4:43  Marine x2  
  27  4:45  Marauder  
  31  4:47  SCV x2  
  31  4:50  Supply Depot  
  33  4:53  Terran Infantry Weapons Level 1  
  33  4:57  Engineering Bay  
  33  5:09  Factory Tech Lab  
  33  5:12  Factory Reactor  
  33  5:18  SCV x2  
  35  5:28  Bunker  
  35  5:32  Terran Infantry Armor Level 1  
  35  5:36  Marine  
  35  5:37  Marine  
  35  5:38  Marauder  
  39  5:46  Barracks  
  34  5:59  Bunker  
  27  6:07  Marine  
  27  6:08  Marine  
  29  6:26  Marine x2  
  31  6:39  SCV x2  
  33  6:43  Marine  
  33  6:44  Marine  
  35  6:48  Supply Depot  
  35  6:58  Marine  
  35  7:01  Marine  
  35  7:05  Hellion x2  
  40  7:26  Barracks Reactor  
  40  7:29  Marine x2  
  42  7:43  Widow Mine x2  
  46  8:14  Marine x3  
  46  8:15  Marine  
  46  8:16  Marauder  
  52  9:03  Marine x2  
  52  9:04  Marine x2  
  52  9:38  Widow Mine x2  
  56  9:49  Marine x2  
  56  9:50  Marine x2  
  60  9:59  Supply Depot  
  57  10:38  Concussive Shells  
  57  10:41  Marine  
  57  10:42  Marine  
  59  10:44  Marauder  
  61  10:54  Bunker  
  61  11:03  Hellion x2  
  65  11:06  Barracks Reactor  
  65  11:13  Orbital Command  
  65  11:22  Stimpack  
  65  11:25  Bunker  
  65  11:29  Starport  
  65  11:50  SCV x2  
  67  12:09  Sensor Tower  
  67  12:11  Supply Depot  
  67  12:16  Supply Depot  
  67  12:23  Starport Tech Lab  
  67  12:28  Marine x3  
  70  12:32  Marine  
  70  12:33  Supply Depot, Marauder  
  70  12:36  Supply Depot  
  73  12:42  Command Center  
  73  12:52  Widow Mine x2  
  77  13:13  Barracks  
  77  13:14  Barracks  
  77  13:37  Medivac  
  79  13:45  Supply Depot  
  79  13:49  Supply Depot  
  79  13:57  Refinery  
  79  14:00  Refinery  
  79  14:03  Siege Tank  
  79  14:07  Medivac  
  84  14:11  Barracks Reactor  
  84  14:14  Orbital Command  
  79  14:35  Siege Tank  
  79  14:37  Medivac  
  50  15:02  Barracks Reactor  
  50  15:03  Marine x3  
  50  15:04  Marine x3  
  50  15:05  Marine x2  
  58  15:07  Siege Tank, Medivac  
  63  15:31  Missile Turret  
  63  15:38  Infernal Pre-Igniter  
  63  15:39  Siege Tank  
  66  15:46  Armory  
  66  15:57  Raven  
  68  16:07  Supply Depot  
  68  16:09  Supply Depot  
  68  16:12  Siege Tank  
  71  16:23  Liberator  
  73  16:51  Terran Infantry Weapons Level 2  
  73  16:52  Terran Infantry Armor Level 2  
  73  16:55  Terran Vehicle Weapons Level 1  
  73  16:59  Armory  
  73  17:01  Orbital Command  
  73  17:06  Liberator  
  73  17:20  Marine x2  
  73  17:21  Marine x5  
  73  17:22  Marine x3  
  85  18:06  Banshee  
  88  18:27  Terran Vehicle Armor Level 1  
  88  18:48  Banshee, Orbital Command  
  91  19:01  SCV  
  91  19:02  SCV  
  93  19:07  Unknown  
  93  19:13  SCV  
  93  19:14  SCV  
  95  19:17  Siege Tank  
  98  19:25  SCV  
  98  19:26  SCV  
  98  19:37  SCV  
  98  19:38  SCV  
  98  19:49  SCV  
  98  19:50  SCV  
  98  19:52  Marine x4  
  102  19:53  Marine x5  
  102  19:54  Marine  
  102  19:57  Terran Infantry Weapons Level 3, Terran Infantry Armor Level 3  
  102  19:59  Terran Vehicle Weapons Level 2  
  110  20:02  Orbital Command  
  110  20:21  Orbital Command  
  110  20:50  Sensor Tower  
  110  20:51  Marine  
  110  20:52  Marine x7  
  110  20:53  Marine x2  
  120  21:03  Supply Depot  
  120  21:07  Supply Depot  
  120  21:09  Marine x2  
  120  21:10  Marine x7  
  129  21:11  Marine  
  129  21:16  SCV x3  
  133  21:28  SCV x3  
  136  21:40  SCV x2  
  136  21:41  Missile Turret  
  136  21:45  Refinery  
  136  21:46  Refinery  
  138  21:54  Medivac  
  140  22:02  Supply Depot  
  140  22:23  SCV x3  
  140  22:24  Medivac  
  140  22:25  Supply Depot  
  145  22:35  SCV  
  146  22:56  Terran Vehicle Weapons Level 3, Terran Vehicle Armor Level 2  
  146  23:19  Barracks  
  146  23:20  Marine x6  
  146  23:21  Marine x4  
  156  23:30  Supply Depot  
  156  23:34  Supply Depot  
  156  23:37  Marine  
  156  23:38  Marine x4  
  161  23:43  Command Center  
  161  24:08  Barracks  
  161  24:18  Supply Depot  
  161  24:38  Refinery  
  161  24:39  Missile Turret  
  161  24:41  Refinery, Sensor Tower  
  161  24:57  Barracks  
  161  25:53  Barracks Reactor  
  161  25:54  Barracks Reactor  
  161  26:17  Terran Vehicle Armor Level 3  
  161  26:19  Building Armor  
  161  26:30  Marine x2  
  161  26:31  Marine x5  
  161  26:32  Marine x4  
  170  26:33  Marine x2  
  170  26:34  Marine  
  170  26:36  Barracks Reactor  
  175  26:43  Orbital Command  
  175  27:35  Cloaking Field  
  175  27:46  Terran Ship Armor Level 1  
  175  27:49  Marine x6  
  175  27:50  Marine x3  
  175  27:51  Marine x3  
  186  27:52  Marine x2  
  189  28:19  Sensor Tower  
  189  28:54  Terran Ship Weapons Level 1  
  189  29:03  Marine x5  
  189  29:04  Marine x6  
  200  30:13  Terran Ship Armor Level 2  
  200  30:18  Hi-Sec Auto Tracking  
  46  32:26  Starport x2  
  43  32:42  Starport  
  43  32:43  Starport  
  43  32:44  Starport  
  43  32:46  Starport x2  
  43  33:06  Starport Reactor  
  43  33:10  Starport Reactor  
  42  33:22  Marine  
  42  33:23  Marine x13  
  42  33:24  Starport  
  55  33:27  Starport Reactor  
  55  33:39  Terran Ship Weapons Level 2  
  55  33:40  Marine  
  55  33:41  Terran Ship Armor Level 3, Marine x13  
  68  33:50  Starport Reactor x2  
  68  33:53  Viking  
  68  33:54  Viking  
  68  33:55  Viking  
  80  33:58  Viking, Marine  
  80  33:59  Marine x13  
  287  34:02  Viking  
  93  34:16  Marine x3  
  93  34:17  Marine x11  
  106  34:34  Marine x10  
  106  34:35  Marine x4  
  122  34:39  Viking x2  
  126  34:49  Viking  
  126  34:52  Marine x14  
  132  35:09  Viking, Marine  
  132  35:10  Marine x13  
  127  35:19  Viking  
  117  35:27  Marine  
  117  35:28  Marine x13  
  107  35:39  Medivac  
  100  35:45  Marine x3  
  100  35:46  Marine x11  
  100  35:49  Viking  
  104  36:03  Marine x9  
  111  36:04  Starport Reactor  
  111  36:09  Viking  
  113  36:19  Medivac  
  113  36:21  Marine x2  
  113  36:22  Marine x3  
  115  36:32  Marine x3  
  106  36:44  Medivac  
  108  36:55  Marine x3